 Dungeon Crawl Stone Soup version 0.32-a0-900-g30fb1b0edc (webtiles) character file.

Game seed: 4530662634784955809

27367 slimeking the Protected (level 13, -1/129 HPs)
             Began as a Tengu Berserker on Apr 5, 2024.
             Was a High Priest of Trog.
             Slain by a skyshark (4 damage)
             ... on level 2 of the Lair of Beasts.
             The game lasted 00:16:37 (12358 turns).

slimeking the Protected (Tengu Berserker)          Turns: 12358, Time: 00:16:38

Health: -1/129     AC: 17    Str: 20    XL:     13   Next: 32%
Magic:  14/14      EV: 16    Int:  7    God:    Trog [*****.]
Gold:   694        SH:  0    Dex: 17    Spells: 12/12 levels left

rFire   . . .        d - +2 dagger (venom)
rCold   . . .        (no shield)
rNeg    . . .        B - +0 storm dragon scales
rPois   .            (helmet restricted)
rElec   +            s - +0 cloak
rCorr   +            (no gloves)
SInv    .            (boots unavailable)
Will    .....        (no amulet) Stlth
                     P - ring of resist corrosion
HPRegen 0.41/turn    (no ring)
MPRegen 0.14/turn

%: acrobat
@: berserking, flying, very quick
A: beak, talons 3, evasive flight, acrobatic
a: Renounce Religion, Berserk, Trog's Hand, Brothers in Arms


You were on level 2 of the Lair of Beasts.
You worshipped Trog.
Trog was extremely pleased with you.
You visited 2 branches of the dungeon, and saw 13 of its levels.
You also visited: Bailey.

You collected 694 gold pieces.

Inventory:

Hand Weapons
 a - a +0 short sword
 d - a +2 dagger of venom (weapon)
 D - a +0 short sword of electrocution
Missiles
 F - 3 throwing nets (quivered)
 H - 20 boomerangs
 L - 5 javelins
Armour
 k - a scarf of shadows
 s - a +0 cloak (worn)
 B - +0 storm dragon scales (worn)
Jewellery
 p - a ring of ice
 x - a ring of ice
 N - a +6 ring of intelligence
 P - a ring of resist corrosion (left hand)
Wands
 t - a wand of paralysis (13)
 u - a wand of flame (18)
 w - a wand of polymorph (19)
 J - a wand of light (5)
 M - a wand of roots (2)
Scrolls
 f - 2 scrolls of silence
 g - 7 scrolls of amnesia
 l - 7 scrolls of teleportation
 m - a scroll of immolation
 n - a scroll of poison
 q - 6 scrolls of blinking
 r - 3 scrolls of fog
 y - 3 scrolls of vulnerability
 A - 2 scrolls of fear
 E - a scroll of brand weapon
 G - 2 scrolls of enchant armour
 I - 3 scrolls of revelation
Potions
 e - 5 potions of haste
 i - 2 potions of curing
 j - a potion of lignification
 o - a potion of resistance {unknown}
 v - 3 potions of heal wounds {unknown}
 z - a potion of ambrosia
 C - 3 potions of enlightenment {unknown}
 K - a potion of invisibility {unknown}
 O - a potion of degeneration {unknown}


   Skills:
 + Level 12.0 Fighting
 - Level 10.2 Short Blades
 + Level 13.0 Armour
 - Level 10.0 Dodging
 - Level 7.9 Evocations


You had 12 spell levels left.
You didn't know any spells.
Your spell library was empty.

Dungeon Overview and Level Annotations

Branches:
Dungeon (11/15)            Temple (0/1) D:4            Lair (2/5) D:8
 Bailey (visited)
  Swamp: Lair:2-3    Shoals: Lair:2-3     Snake: Lair:2-3    Spider: Lair:2-3
    Orc: D:9-12

Altars:
Ashenzari
Dithmenos
Elyvilon
Gozag
Hepliaklqana
Kikubaaqudgha
Makhleb
Nemelex Xobeh
Trog
Uskayaw
Vehumet
Wu Jian
Yredelemnul
The Shining One

Shops:
D:1 :   D:7 :

Portals:
Trove: D:11 (give +3 gold dragon scales)

Annotations:
D:10 exclusion: ice statue
D:11 exclusion: orange crystal statue


Innate Abilities, Weirdness & Mutations

You have a beak for a mouth.
You have claws for feet.
Your magical flight helps you evade attacks. (EV +4)
You can magically evade attacks while moving or waiting.


Message History

You are too injured to fight recklessly!
You are too injured to fight recklessly!
You are too injured to fight recklessly!
You are too injured to fight recklessly!
You are too injured to fight recklessly!
You are too injured to fight recklessly!
You are too injured to fight recklessly!
You are too injured to fight recklessly!
You are too injured to fight recklessly!
You are too injured to fight recklessly!
You are too injured to fight recklessly!
You are too injured to fight recklessly!
You are too injured to fight recklessly!
Unknown command.
A red film seems to cover your vision as you go berserk!
You feel yourself moving faster!
You feel mighty! The skyshark barely misses you. The skyshark tail-slaps you.
The skyshark closely misses you. The yak gores you! x2
The yak gores you but does no damage.
You hit the skyshark. You claw the skyshark! Your peck misses the skyshark.
The skyshark is lightly wounded.
The skyshark barely misses you. The skyshark tail-slaps you!
* * * LOW HITPOINT WARNING * * *
The skyshark barely misses you.
You puncture the skyshark!
The skyshark is poisoned.
You peck the skyshark.
The skyshark is lightly wounded.
The yak barely misses you.
The yak gores you but does no damage. x2
You puncture the skyshark! You claw the skyshark!
The skyshark is moderately wounded.
The skyshark bites you!
* * * LOW HITPOINT WARNING * * *
The skyshark closely misses you.
The skyshark tail-slaps you but does no damage.
You hit the skyshark.
The skyshark looks as sick as possible!
You claw the skyshark. You peck the skyshark.
The skyshark is heavily wounded.
The yak misses you. The skyshark bites you!
* * * LOW HITPOINT WARNING * * *
The skyshark tail-slaps you.
You die...

.........P# #####
..#.......# ##....
..........# ##..#..
......... ##P.....
......P.# ###...###.
#..(.#####P........
#........<.......P
#....[...>........
+@Y............#..
..⌠..YYYF...............
.......Y..........÷.....
##.#...........###÷.....
.....##!.#.#..##.#......
#.#. ..##.........|....
.... .## .......P..#...
.... . ....^..###....
.##..#......


You could see a skyshark (berserk, extremely poisoned) and 5 yaks.

Vanquished Creatures
  An orc warlord (Bailey)
  A catoblepas (Lair:1)
  A two-headed ogre (D:9)
  2 black mambas (Lair:1)
  An elephant (D:8)
  2 cane toads (Lair:2)
  3 komodo dragons
  A troll (D:9)
  A hornet (D:10)
  4 blink frogs (Lair:2)
  A wyvern (D:8)
  A vampire (D:8)
  A wraith (D:10)
  Sigmund (D:3)
  15 yaks
  2 basilisks (Lair:1)
  2 acid dragons
  3 water moccasins
  7 orc warriors
  A sky beast (D:7)
  A black bear (D:8)
  2 ice beasts
  3 ogres
  5 wolves (Lair:2)
  4 centaurs
  A phantom (D:7)
  3 kobold brigands (D:9)
  11 bullfrogs
  4 scorpions
  2 gnoll sergeants
  12 killer bees
  An electric eel (D:10)
  3 howler monkeys
  A bombardier beetle (D:3)
  5 orc priests
  Crazy Yiuf (D:3)
  2 hounds (D:7)
  5 jellies
  A gnoll bouda (D:7)
  3 sleepcaps
  3 iguanas
  15 orc wizards
  5 adders
  12 gnolls
  3 shadow imps
  2 white imps
  2 ufetubi (D:6)
  4 dart slugs
  3 ribbon worms (D:2)
  41 orcs
  3 endoplasms
  A giant cockroach (D:2)
  8 goblins
  15 hobgoblins
  5 jackals (D:1)
  25 kobolds
  2 quokkas (D:4)
  7 ball pythons
  5 bats
  3 frilled lizards (D:2)
  7 rats
292 creatures vanquished.

Vanquished Creatures (others)
  An orc wizard (D:8)
  A gnoll (D:10)
2 creatures vanquished.

Grand Total: 294 creatures vanquished

Notes
Turn   | Place    | Note
-------+----------+-------------------------------------------
     0 | D:1      | slimeking the Tengu Berserker began the quest for the Orb.
     0 | D:1      | Reached XP level 1. HP: 14/14 MP: 2/2
   110 | D:1      | Reached XP level 2. HP: 4/19 MP: 3/3
   256 | D:1      | Found Gugatti's Book Shop.
   396 | D:1      | Reached XP level 3. HP: 16/23 MP: 4/4
   985 | D:2      | Reached ** piety under Trog
   986 | D:2      | Reached XP level 4. HP: 29/29 MP: 5/5
  1546 | D:3      | Reached skill level 5 in Short Blades
  1546 | D:3      | Reached XP level 5. HP: 19/34 MP: 6/6
  1735 | D:3      | Noticed Sigmund
  1743 | D:3      | Killed Sigmund
  1744 | D:3      | Reached skill level 5 in Fighting
  1744 | D:3      | Reached XP level 6. HP: 33/40 MP: 7/7
  1930 | D:3      | Found a runed translucent door.
  1931 | D:3      | Noticed Crazy Yiuf
  2112 | D:3      | Killed Crazy Yiuf
  2209 | D:4      | Found a glowing golden altar of the Shining One.
  2267 | D:4      | Gained mutation: Your magical flight helps you evade
                  | attacks. (EV +4) [Tengu growth]
  2267 | D:4      | Reached XP level 7. HP: 25/44 MP: 8/8
  2324 | D:4      | Reached *** piety under Trog
  2325 | D:4      | Found a bloodstained altar of Trog.
  2545 | D:4      | Found a staircase to the Ecumenical Temple.
  2939 | D:5      | Entered Level 5 of the Dungeon
  2962 | D:5      | Reached XP level 8. HP: 49/51 MP: 9/9
  3176 | D:5      | Found a radiant altar of Vehumet.
  3279 | D:5      | Identified the +1 leather armour of Diatupn {rF+ Str+3
                  | Int+5}
  3362 | D:5      | Found a broken altar of Ashenzari.
  4067 | D:6      | Reached **** piety under Trog
  4255 | D:6      | Reached skill level 10 in Short Blades
  4541 | D:6      | Found a hazy altar of Hepliaklqana.
  5072 | D:7      | Reached XP level 9. HP: 24/57 MP: 10/10
  5189 | D:7      | Found Fumon's Book Shoppe.
  5201 | D:7      | Reached skill level 3 in Armour
  5237 | D:7      | Reached skill level 4 in Armour
  5502 | D:7      | Found a hide-covered altar of Uskayaw.
  5582 | D:7      | Found a basalt altar of Yredelemnul.
  5582 | D:7      | Found a sparkling altar of Nemelex Xobeh.
  5626 | D:7      | You are sucked into a shaft and drop 3 floors!
  5626 | D:10     | Entered Level 10 of the Dungeon
  5637 | D:10     | Reached skill level 5 in Armour
  5669 | D:10     | Noticed a hornet
  5676 | D:10     | Killed a hornet
  5893 | D:9      | Found a burning altar of Makhleb.
  5981 | D:9      | Found an opulent altar of Gozag.
  6033 | D:8      | Reached ***** piety under Trog
  6041 | D:8      | Reached skill level 6 in Armour
  6170 | D:8      | Noticed a komodo dragon
  6214 | D:8      | Reached skill level 7 in Armour
  6214 | D:8      | Reached XP level 10. HP: 66/66 MP: 11/11
  6282 | D:8      | Found a flagged portal.
  6295 | Bailey   | Entered a bailey
  6336 | Bailey   | Noticed an orc warlord
  6552 | Bailey   | Reached skill level 10 in Armour
  6552 | Bailey   | Reached XP level 11. HP: 71/71 MP: 12/12
  6559 | Bailey   | Found a runed translucent gate.
  6564 | Bailey   | Found a runed translucent gate.
  6566 | Bailey   | Found a runed translucent gate.
  6776 | Bailey   | Killed an orc warlord
  6777 | Bailey   | Reached skill level 10 in Dodging
  6876 | Bailey   | Identified the +1 sling "Ruokug" {speed, ^Fragile rPois
                  | rF++ rCorr}
  6885 | Bailey   | Identified the +4 hand axe of Urekis {freeze, Will+ Str+2
                  | SInv}
  7115 | D:8      | Found a staircase to the Lair.
  7373 | D:8      | Reached skill level 10 in Fighting
  7687 | D:8      | Reached skill level 11 in Armour
  8284 | D:9      | Found an ancient bone altar of Kikubaaqudgha.
  8479 | D:9      | Received a gift from Trog
  8563 | D:9      | Found an ornate altar of the Wu Jian Council.
  8602 | D:9      | Noticed a two-headed ogre
  8615 | D:9      | Killed a two-headed ogre
  8782 | D:9      | Found a shadowy altar of Dithmenos.
  9198 | D:9      | Reached XP level 12. HP: 79/79 MP: 13/13
 10021 | D:10     | Reached XP level 13. HP: 53/84 MP: 14/14
 10039 | D:10     | Reached skill level 12 in Armour
 10501 | D:10     | Found a white marble altar of Elyvilon.
 10962 | D:11     | Found a portal to a secret trove of treasure.
 11077 | Lair:1   | Entered Level 1 of the Lair of Beasts
 12140 | Lair:2   | Reached skill level 13 in Armour
 12358 | Lair:2   | HP: 3/129 [skyshark (16)]
 12358 | Lair:2   | Slain by a skyshark

Illustrated notes

Levels and vault maps discovered:
D:1:      roderic_chinese_lattice_arrival, layout_rooms, serial_shops, shop,
          minmay_misc_feat_tower
D:2:      layout_loops_ring
D:3:      layout_basic, uniq_crazy_yiuf_cottage, uniq_sigmund
D:4:      layout_rooms, mainiacjoe_overflow_cross_hatched, trog_hazing_becter,
          minmay_temple_entry_hall, minmay_quadrilaterals
D:5:      layout_gridville, mainiacjoe_overflow_six_doors_small,
          nicolae_vehumet_radiance
D:6:      layout_cave_pods, nicolae_hepliaklqana_hippocampus
D:7:      layout_loops_ring, nicolae_uskayaw_suspiria,
          gammafunk_temple_overflow_wave, corexii_leaking_fountain,
          kennysheep_windowed_goal
D:8:      layout_loops_ring, grunt_lair_entry_orc_guard_hut, enter_bailey_4
D:9:      layout_loops_corners, mainiacjoe_overflow_paths, lemuel_doored_altar,
          mainiacjoe_overflow_brackets, nicolae_kikubaaqudgha_miasma_corner,
          nicolae_dithmenos_the_darkroom
D:10:     layout_loops_ring, nicolae_elyvilon_temple_path, minivault_16,
          minmay_fractal_squares_gapless_5
D:11:     layout_roguey, serial_shops, shop, nicolae_trove_entry_crossroad,
          minmay_gold_behind_fungi, minivault_20, minivault_16,
          nicolae_two_hexagons, grunt_tough_drop, uniq_gastronok
Lair:1:   layout_chaotic_city, grunt_megastairs_4
Lair:2:   layout_misc_corridors, minmay_snake_entry_guardpost_small,
          grunt_megastairs_1

Skill      XL: |  1  2  3  4  5  6  7  8  9 10 11 12 13 |
---------------+----------------------------------------+-----
Short Blades   | 4 5 6 8 10 | 10.2
Fighting       | 4 5 6 7 9 10 12 | 12.0
Armour         | 7 10 11 13 | 13.0
Dodging        | 3 9 10 | 10.0
Evocations     | 7 |  7.9

Action                     |  1- 3 |  4- 6 |  7- 9 | 10-12 | 13-15 || total
---------------------------+-------+-------+-------+-------+-------++-------
  Melee: Short sword       |    25 |       |       |       |       ||    25
         Kick              |    17 |    31 |   144 |   192 |   103 ||   487
         Peck              |    12 |    15 |    78 |   138 |    49 ||   292
         Dagger            |    54 |   107 |   397 |   457 |   210 ||  1225
         Unarmed           |       |       |       |     9 |       ||     9
 Invoke: Berserk           |       |     1 |     1 |     1 |     3 ||     6
         Trog's Hand       |       |     1 |       |       |       ||     1
  Evoke: Wand              |       |       |       |     1 |       ||     1
    Use: Scroll            |       |     4 |     6 |     4 |       ||    14
         Potion            |       |       |     2 |     3 |       ||     5
   Stab: Petrified         |       |       |       |       |     2 ||     2
 Armour: Animal skin       |    12 |       |       |       |       ||    12
         Ring mail         |    28 |    44 |    58 |       |       ||   130
         Storm dragon scal |       |       |    79 |   167 |   100 ||   346
         Skin              |       |       |       |     1 |       ||     1
  Dodge: Dodged            |    54 |    59 |   218 |   243 |   116 ||   690

Table legend: (Time is in decaauts)
 A = Elapsed time spent in this place.
 B = Non-inter-level travel time spent in this place.
 C = Inter-level travel time spent in this place.
 D = Time resting spent in this place.
 E = Time spent auto-exploring this place.
 F = Levels seen in this place.
 G = Mean time per level.
                   A        B        C        D        E       F      G
               +--------+--------+--------+--------+--------+-----+--------+
         Total |  11848 |  11057 |    791 |    525 |   8541 |  14 |  846.3 |
       Dungeon |  10053 |   9278 |    775 |    445 |   7156 |  11 |  913.9 |
          Lair |   1207 |   1192 |     15 |      0 |   1019 |   2 |  603.5 |
        Bailey |    588 |    588 |      0 |     80 |    366 |   1 |  588.0 |
               +--------+--------+--------+--------+--------+-----+--------+

Top non-repeatable levels by time:
    D:10: 1369 daAuts
     D:9: 1217 daAuts
     D:6: 1178 daAuts
     D:8: 1143 daAuts
     D:7: 1016 daAuts
     D:5: 995 daAuts
  Lair:1: 932 daAuts
     D:3: 881 daAuts
     D:4: 805 daAuts
     D:2: 682 daAuts
     D:1: 636 daAuts
  Bailey: 588 daAuts
  Lair:2: 275 daAuts
    D:11: 126 daAuts
